 Dungeon Crawl Stone Soup version 0.25.1-8-g42b30a86e7 (webtiles) character file.

Game seed: 15590685954848137908

987 ew1980 the Chiller (level 8, -13/58 HPs)
             Began as a Gnoll Ice Elementalist on Dec 12, 2020.
             Killed from afar by Pikel (26 damage)
             ... with a bolt of acid
             ... on level 5 of the Dungeon.
             The game lasted 00:11:57 (5655 turns).

ew1980 the Chiller (Gnoll Ice Elementalist)         Turns: 5655, Time: 00:11:58

Health: -13/58     AC:  1    Str: 11    XL:     8   Next: 18%
Magic:  7/16       EV: 15    Int: 19    God:
Gold:   278        SH:  0    Dex: 16    Spells: 7/18 levels left

rFire    . . .     SeeInvis .   u - +1 morningstar (flame)
rCold    . . .     Gourm    .   (no shield)
rNeg     . . .     Faith    .   j - +0 leather armour
rPois    .         Spirit   .   (no helmet)
rElec    .         Reflect  .   n - +1 cloak
rCorr    .         Harm     .   (no gloves)
MR       .....                  (no boots)
Stlth    +++.......             (no amulet)
HPRegen  0.19/turn              (no ring)
MPRegen  0.15/turn              (no ring)

@: lethally poisoned (-13 -> -14), corroded, frozen ramparts
A: distributed training, fangs 1, strong nose
a: no special abilities


You were on level 5 of the Dungeon.
You were hungry.

You visited 1 branch of the dungeon, and saw 5 of its levels.

You collected 278 gold pieces.

Inventory:

Hand Weapons
 a - a +0 quarterstaff
 o - a +0 flail of holy wrath
 u - a +1 morningstar of flaming (weapon)
Armour
 j - a +0 leather armour (worn)
 n - a +1 cloak (worn)
 p - a +4 ring mail
 t - a +0 plate armour
Jewellery
 d - a cursed -4 ring of dexterity {unknown}
 l - an uncursed amulet of guardian spirit {unknown}
 q - an uncursed amulet of reflection {unknown}
Potions
 e - 3 potions of curing
 f - 3 potions of lignification
 g - a potion of heal wounds {unknown}
 h - a potion of cancellation {unknown}
 i - a potion of resistance {unknown}
 r - a potion of haste {unknown}
 s - a potion of might {unknown}
Comestibles
 c - 17 rations


   Skills:
 + Level 3.0 Fighting
 + Level 3.0 Short Blades
 + Level 3.0 Long Blades
 + Level 3.0 Axes
 + Level 3.0 Maces & Flails
 + Level 3.0 Polearms
 + Level 3.0 Staves
 + Level 3.0 Slings
 + Level 3.0 Bows
 + Level 3.0 Crossbows
 + Level 3.0 Throwing
 + Level 3.0 Armour
 + Level 5.5 Dodging
 + Level 5.2 Stealth
 + Level 3.0 Shields
 + Level 3.0 Unarmed Combat
 + Level 5.8 Spellcasting
 + Level 2.4 Conjurations
 + Level 2.4 Hexes
 + Level 2.4 Charms
 + Level 2.4 Summonings
 + Level 2.4 Necromancy
 + Level 2.4 Translocations
 + Level 2.4 Transmutations
 + Level 2.4 Fire Magic
 + Level 7.5 Ice Magic
 + Level 2.4 Air Magic
 + Level 2.4 Earth Magic
 + Level 2.4 Poison Magic
 + Level 3.2 Invocations
 + Level 3.0 Evocations


You had 7 spell levels left.
You knew the following spells:

 Your Spells              Type           Power        Failure   Level  Hunger
a - Freeze                Ice            ####         1%          1    None
b - Frozen Ramparts       Ice            ####..       1%          3    ##.....
c - Ozocubu's Armour      Chrm/Ice       ###.....     5%          3    ##.....
d - Summon Ice Beast      Ice/Summ       ###.....     19%         4    ####...

Your spell library contained the following spells:

 Spells                   Type           Power        Failure   Level  Hunger
 Hailstorm                Conj/Ice       ###.....     19%         4    ####...


Dungeon Overview and Level Annotations

Branches:
Dungeon (5/15)
 Temple: D:4-7

Altars:

Annotations:
D:3 1 runed translucent door, Kauriferous's ghost, amateur TrHu
D:5 Pikel


Innate Abilities, Weirdness & Mutations

Your experience applies equally to all skills.
You have very sharp teeth.
Your uncanny sense of smell can sniff out nearby items.


Message History

There are monsters nearby!
You feel sick.
The slave shouts!
An orc comes into view.
It is wielding the +7 mace of the Unspeakable One {protect, *Drain +Blink MP+9 Int+6}.
A slave comes into view.
You feel sick.
You feel sick.
Pikel resists.
The wall freezes Pikel.
Pikel resists.
The wall freezes Pikel.
The frozen ramparts melt away.
Pikel zaps a wand.
The bolt of acid hits you!! The acid corrodes you!
You are splashed with acid!
* * * LOW HITPOINT WARNING * * *
You see here a +0 giant spiked club.
Casting: Freeze (safe; 1% risk of failure)
Confirm with . or Enter, or press ? or * to list all spells.
The walls around you are covered in ice.
You feel sick.
Pikel resists.
The wall freezes Pikel.
Pikel resists.
The wall freezes Pikel.
Pikel waves his whip at you.
Pikel zaps a wand.
The bolt of acid hits you!!
You die...

#...# ... #...# #.# #...#
#.# #...# ###p####
#####...#########p.....#
......÷[.......#K###.#.#
.................#.....∆
...............#)#.#.....
###.#....#####.#@#.##.....o
#.#....# #.....###.....
#.#...5# ##..#.#.##...#
#....# ##.#.r.# #..#
∆#....# ##..#.# .....#
######.#... .#...##
#......###.. ...#...
###.###...#### . ....$. ...
#.....###


You could see Pikel, a slave and a quokka.

Vanquished Creatures
  Edmund (D:4)
  An ogre (D:5)
  A centaur (D:4)
  Blork the orc (D:4)
  3 scorpions
  A howler monkey (D:4)
  An orc priest (D:4)
  4 orc wizards
  An iguana (D:4)
  Jessica (D:2)
  A worker ant (D:4)
  A hound skeleton (D:4)
  11 adders
  A shadow imp (D:5)
  An adder skeleton (D:4)
  2 worms
  3 dart slugs
  2 leopard geckos (D:4)
  15 orcs
  6 bats
  8 giant cockroaches
  9 goblins
  7 hobgoblins
  2 quokkas (D:2)
  3 ball pythons (D:2)
  3 frilled lizards
  4 kobolds
  16 rats
110 creatures vanquished.

Notes
Turn   | Place    | Note
-------+----------+-------------------------------------------
     0 | D:1      | ew1980 the Gnoll Ice Elementalist began the quest for the
                  | Orb.
     0 | D:1      | Reached XP level 1. HP: 13/13 MP: 6/6
   476 | D:1      | Reached XP level 2. HP: 19/19 MP: 5/7
  1139 | D:2      | Found a faded altar of an unknown god.
  1302 | D:2      | Reached skill level 5 in Spellcasting
  1302 | D:2      | Reached XP level 3. HP: 21/25 MP: 2/9
  1367 | D:2      | Learned a level 3 spell: Frozen Ramparts
  1551 | D:2      | Reached skill level 1 in Invocations
  1627 | D:2      | Reached skill level 1 in Fighting
  1627 | D:2      | Reached skill level 1 in Short Blades
  1627 | D:2      | Reached skill level 1 in Long Blades
  1627 | D:2      | Reached skill level 1 in Axes
  1627 | D:2      | Reached skill level 1 in Maces & Flails
  1627 | D:2      | Reached skill level 1 in Polearms
  1627 | D:2      | Reached skill level 1 in Staves
  1627 | D:2      | Reached skill level 1 in Slings
  1627 | D:2      | Reached skill level 1 in Bows
  1627 | D:2      | Reached skill level 1 in Crossbows
  1627 | D:2      | Reached skill level 1 in Throwing
  1627 | D:2      | Reached skill level 1 in Armour
  1627 | D:2      | Reached skill level 1 in Shields
  1627 | D:2      | Reached skill level 1 in Unarmed Combat
  1627 | D:2      | Reached skill level 1 in Evocations
  1650 | D:2      | Reached XP level 4. HP: 27/32 MP: 6/11
  2059 | D:2      | Noticed Jessica
  2076 | D:2      | Killed Jessica
  2076 | D:2      | Reached skill level 1 in Conjurations
  2076 | D:2      | Reached skill level 1 in Hexes
  2076 | D:2      | Reached skill level 1 in Charms
  2076 | D:2      | Reached skill level 1 in Summonings
  2076 | D:2      | Reached skill level 1 in Necromancy
  2076 | D:2      | Reached skill level 1 in Translocations
  2076 | D:2      | Reached skill level 1 in Transmutations
  2076 | D:2      | Reached skill level 1 in Fire Magic
  2076 | D:2      | Reached skill level 1 in Air Magic
  2076 | D:2      | Reached skill level 1 in Earth Magic
  2076 | D:2      | Reached skill level 1 in Poison Magic
  2229 | D:2      | Reached XP level 5. HP: 27/37 MP: 9/12
  2316 | D:2      | Learned a level 3 spell: Ozocubu's Armour
  2323 | D:2      | Learned a level 4 spell: Summon Ice Beast
  2987 | D:3      | Reached XP level 6. HP: 35/44 MP: 9/13
  3515 | D:3      | Found a runed translucent door.
  3515 | D:3      | Noticed Kauriferous's ghost (amateur TrHu)
  3877 | D:4      | Noticed Edmund
  3888 | D:4      | Killed Edmund
  3888 | D:4      | Reached skill level 5 in Dodging
  4257 | D:4      | Reached XP level 7. HP: 50/50 MP: 11/15
  4975 | D:4      | Reached skill level 5 in Stealth
  5015 | D:4      | Noticed Blork the orc
  5019 | D:4      | Killed Blork the orc
  5427 | D:5      | Entered Level 5 of the Dungeon
  5588 | D:5      | Reached XP level 8. HP: 57/57 MP: 16/16
  5645 | D:5      | Noticed Pikel
  5646 | D:5      | Identified the +7 mace of the Unspeakable One {protect,
                  | *Drain +Blink MP+9 Int+6}
  5655 | D:5      | Killed from afar by Pikel

Illustrated notes

Levels and vault maps discovered:
D:1:      dpeg_arrival_ratfight, layout_basic
D:2:      layout_basic, chequers_ecumenical_altar_island,
          minmay_fractal_squares_5, uniq_jessica
D:3:      layout_rooms, gammafunk_ghost_grave
D:4:      kb_forest_paths, layout_basic, hex_tiny, uniq_blork_the_orc,
          uniq_edmund
D:5:      layout_loops_cross, kennysheep_mini_moat, first_ration,
          minmay_manual_mandibuliform, uniq_pikel

Skill      XL: |  1  2  3  4  5  6  7  8 |
---------------+-------------------------+-----
Spellcasting   | 5 |  5.8
Invocations    | 1 2 3 |  3.2
Fighting       | 1 2 3 |  3.0
Short Blades   | 1 2 3 |  3.0
Long Blades    | 1 2 3 |  3.0
Axes           | 1 2 3 |  3.0
Maces & Flails | 1 2 3 |  3.0
Polearms       | 1 2 3 |  3.0
Staves         | 1 2 3 |  3.0
Slings         | 1 2 3 |  3.0
Bows           | 1 2 3 |  3.0
Crossbows      | 1 2 3 |  3.0
Throwing       | 1 2 3 |  3.0
Armour         | 1 2 3 |  3.0
Shields        | 1 2 3 |  3.0
Unarmed Combat | 1 2 3 |  3.0
Evocations     | 1 2 3 |  3.0
Conjurations   | 1 2 |  2.4
Hexes          | 1 2 |  2.4
Charms         | 1 2 |  2.4
Summonings     | 1 2 |  2.4
Necromancy     | 1 2 |  2.4
Translocations | 1 2 |  2.4
Transmutations | 1 2 |  2.4
Fire Magic     | 1 2 |  2.4
Air Magic      | 1 2 |  2.4
Earth Magic    | 1 2 |  2.4
Poison Magic   | 1 2 |  2.4
Dodging        | 5 |  5.5
Stealth        | 5 |  5.2
Ice Magic      | |  7.5

Action                   |  1- 3 |  4- 6 |  7- 9 || total
-------------------------+-------+-------+-------++-------
Melee: Unarmed           |    51 |    56 |       ||   107
       Bite              |     4 |    10 |     1 ||    15
       Hand axe          |       |     4 |       ||     4
       Morningstar       |       |    38 |    28 ||    66
 Cast: Freeze            |    30 |    23 |    17 ||    70
       Frozen Ramparts   |     5 |    10 |     9 ||    24
  Use: Scroll            |       |     5 |     5 ||    10
 Stab: Sleeping          |     2 |     9 |     2 ||    13
  Eat: Chunk             |     3 |     8 |     4 ||    15
Armor: Robe              |    22 |    10 |       ||    32
       Leather armour    |       |    19 |    10 ||    29
Dodge: Dodged            |    75 |    89 |    30 ||   194
